 Dungeon Crawl Stone Soup version 0.30-a0-862-g1aabd4f9c5 (webtiles) character file.

Game seed: 18129749391552646718

1256 jekkito the Cleaver (level 8, -2/71 HPs)
             Began as a Minotaur Berserker on Mar 5, 2023.
             Was an Initiate of Wu Jian.
             Slain by a polar bear (3 damage)
             ... created by the rage of Trog
             ... on level 6 of the Dungeon on Mar 8, 2023.
             The game lasted 00:59:55 (8737 turns).

jekkito the Cleaver (Minotaur Berserker)            Turns: 8737, Time: 00:59:55

Health: -2/71      AC: 14    Str: 23    XL:     8   Next: 26%
Magic:  7/7        EV: 10    Int:  4    God:    Wu Jian [......]
Gold:   274        SH:  0    Dex: 11    Spells: 7/7 levels left

rFire   . . .      SeeInvis .    O - +0 scythe
rCold   . . .      Faith    .    (shield currently unavailable)
rNeg    + + .      Spirit   .    k - +0 chain mail of Xuhuc {rN+}
rPois   .          Reflect  .    y - +2 hat
rElec   .          Rampage  .    o - +0 cloak
rCorr   .                        B - +0 pair of gloves
Will    +....                    (no boots) Stlth
                                 (no amulet)
HPRegen 0.31/turn                K - ring of positive energy
MPRegen 0.10/turn                R - ring of willpower

@: no status effects
A: horns 2, retaliatory headbutt
a: Renounce Religion


You were on level 6 of the Dungeon.
You worshipped Wu Jian.
Wu Jian was noncommittal.
You visited 1 branch of the dungeon, and saw 6 of its levels.

You collected 274 gold pieces.

Inventory:

Hand Weapons
 a - a +0 hand axe
 i - a +0 mace
 v - a +0 whip
 z - a +0 falchion
 H - a +0 sling
 I - a +1 dire flail of protection
 O - a +0 scythe (weapon)
 S - a +0 shortbow
 T - a +4 quarterstaff of chaos
 U - a +0 hammer
 W - a +0 rapier
Missiles
 r - 36 stones (quivered)
 Q - 8 poisoned darts
Armour
 b - a +0 animal skin
 g - a +0 ring mail
 h - a +0 robe
 k - the +0 chain mail of Xuhuc (worn) {rN+}
   (You found it on level 6 of the Dungeon)

   rN:        It protects you from negative energy.
 o - a +0 cloak (worn)
 w - a +0 robe
 x - a +0 robe
 y - a +2 hat (worn)
 B - a +0 pair of gloves (worn)
 D - a +0 ring mail
 F - a +0 scale mail
 G - a +0 cloak
 Y - a +0 scale mail
 Z - a +0 scale mail
Magical Staves
 p - a staff of conjuration
 E - a staff of fire
Jewellery
 u - a ring of willpower
 K - a ring of positive energy (left hand)
 R - a ring of willpower (right hand)
Wands
 J - a wand of acid (27)
Scrolls
 c - 3 scrolls of magic mapping {unknown}
 e - 7 scrolls of identify {unknown}
 f - 2 scrolls of fog {unknown}
 l - a scroll of immolation {unknown}
 n - a scroll of amnesia {unknown}
 q - 4 scrolls of teleportation {unknown}
 A - 3 scrolls of enchant armour {unknown}
 L - a scroll of silence {unknown}
 M - a scroll of enchant weapon {unknown}
 X - a scroll of poison {unknown}
Potions
 d - 2 potions of ambrosia {unknown}
 j - a potion of invisibility {unknown}
 m - 4 potions of heal wounds {unknown}
 s - a potion of curing {unknown}
 t - 4 potions of berserk rage {unknown}
 C - a potion of might {unknown}
 N - a potion of mutation {unknown}
 P - 2 potions of attraction {unknown}
 V - a potion of cancellation {unknown}


   Skills:
 + Level 6.4 Fighting
 * Level 8.3 Axes
 + Level 5.9 Armour
 + Level 5.3 Dodging


You had 7 spell levels left.
You didn't know any spells.
Your spell library contained the following spells:

 Spells                   Type           Power      Damage    Failure   Level
 Beastly Appendage        Tmut           0%         N/A       99%         1
 Shock                    Conj/Air       0%         1d3       99%         1
 Slow                     Hex            0%         N/A       99%         1
 Wereblood                Tmut           0%         N/A       99%         2
 Confusing Touch          Hex            0%         N/A       100%        3
 Frozen Ramparts          Ice            0%         1d1       100%        3
 Spider Form              Tmut/Pois      0%         N/A       100%        3
 Summon Guardian Golem    Hex/Summ       0%         N/A       100%        3
 Swiftness                Air            0%         N/A       100%        3
 Vampiric Draining        Necr           0%         2d6       100%        3
 Airstrike                Air            0%         2d(0-16)  100%        4
 Ice Form                 Ice/Tmut       0%         N/A       100%        4
 Summon Ice Beast         Ice/Summ       0%         N/A       100%        4
 Orb of Destruction       Conj           0%         9d5       100%        7
 Spellforged Servitor     Conj/Summ      0%         N/A       100%        7


Dungeon Overview and Level Annotations

Branches:
Dungeon (6/15)
 Temple: D:4-7

Altars:
Elyvilon
Gozag
Nemelex Xobeh
Wu Jian

Shops:
D:3 !


Innate Abilities, Weirdness & Mutations

You have a pair of horns on your head.
You reflexively headbutt those who attack you in melee.


Message History

Your pack is full.
You see here a white potion.
Could not pick up a white potion here; ([A]lways) ignore it? [Y]es, [N]o, or [A]lways only, please.
Could not pick up a white potion here; ([A]lways) ignore it?
Okay, then.
Your pack is full.
You see here a white potion.
Could not pick up a white potion here; ([A]lways) ignore it? [Y]es, [N]o, or [A]lways only, please.
Could not pick up a white potion here; ([A]lways) ignore it?
Autopickup disabled for potions.
r - 36 stones (gained 4) Trog sends monsters to punish you. 2 polar bears and 2 black bears come into view.
You lunge at the polar bear.
You puncture the polar bear! Your headbutt misses the polar bear.
The polar bear is lightly wounded.
You barely miss the polar bear. You headbutt the polar bear!
The polar bear is moderately wounded.
The polar bear bites you. The polar bear barely misses you.
The polar bear claws you but does no damage.
The polar bear barely misses you. The polar bear claws you.
The polar bear barely misses you.
You slice the polar bear!!
The polar bear is heavily wounded.
The polar bear bites you! The polar bear claws you. x2
The polar bear bites you! The polar bear closely misses you.
The polar bear claws you but does no damage.
The polar bear bites you!
The polar bear claws you but does no damage. x2
You barely miss the polar bear.
The polar bear is heavily wounded.
The polar bear barely misses you.
The polar bear claws you but does no damage. x2
The polar bear bites you!!
* * * LOW HITPOINT WARNING * * *
The polar bear claws you but does no damage.
The polar bear claws you.
You die...

#.........#.......##.# ####
#........†........##.### ##...
#..........###.#####...## #..##
...........# #.# ###..#####.##
.......>...# #.# ##.......#
...........# #.# ##....#####
..........####.# ####......
##..........##.######### #......
#.............hh@h.....# ###....
#............#h#######.. ###...
#..............######### .....##
#...†.......##....##...######..##
#............#.##............#...
##.............###..###..#.###.#.
.##^.......................###...
..###########....................
.....## #...................#


You could see 2 polar bears and 2 black bears.

Vanquished Creatures
  Sigmund (D:4)
  Edmund (D:4)
  A black bear (D:5)
  An ogre (D:4)
  A centaur (D:6)
  3 scorpions
  A bullfrog (D:6)
  Crazy Yiuf (D:4)
  2 hounds (D:5)
  An orc priest (D:5)
  2 sleepcaps
  Jessica (D:2)
  4 orc wizards
  An iguana (D:5)
  6 gnolls (D:4)
  4 adders
  A white imp (D:6)
  2 ufetubi
  2 worms
  3 dart slugs (D:2)
  9 orcs
  5 ball pythons
  2 bats
  4 endoplasms
  3 giant cockroaches
  5 goblins
  6 hobgoblins
  5 kobolds
  5 quokkas
  6 frilled lizards
  A rat (D:1)
90 creatures vanquished.

Notes
Turn   | Place    | Note
-------+----------+-------------------------------------------
     0 | D:1      | jekkito the Minotaur Berserker began the quest for the Orb.
     0 | D:1      | Reached XP level 1. HP: 19/19 MP: 0/0
   195 | D:1      | Reached XP level 2. HP: 27/27 MP: 1/1
   824 | D:2      | Reached skill level 4 in Axes
  1121 | D:2      | Noticed Jessica
  1127 | D:2      | Killed Jessica
  1128 | D:2      | Reached XP level 3. HP: 29/33 MP: 2/2
  1182 | D:2      | Reached ** piety under Trog
  1559 | D:2      | Reached XP level 4. HP: 40/40 MP: 3/3
  2447 | D:3      | Found Sicuif's Distillery.
  2466 | D:3      | Found a faded altar of an unknown god.
  2699 | D:4      | Noticed a scorpion
  2716 | D:4      | Killed a scorpion
  2717 | D:4      | Reached skill level 5 in Axes
  2717 | D:4      | Reached XP level 5. HP: 26/47 MP: 4/4
  2864 | D:4      | Noticed Edmund
  2873 | D:4      | Killed Edmund
  2874 | D:4      | Reached XP level 6. HP: 49/55 MP: 5/5
  3031 | D:4      | Reached skill level 5 in Fighting
  3031 | D:4      | Reached skill level 6 in Axes
  3062 | D:4      | Found a sparkling altar of Nemelex Xobeh.
  3488 | D:4      | Found a runed translucent door.
  3489 | D:4      | Noticed Crazy Yiuf
  3548 | D:4      | Noticed Sigmund
  3551 | D:4      | Reached XP level 7. HP: 56/61 MP: 6/6
  3608 | D:4      | Killed Sigmund
  3609 | D:4      | Reached skill level 7 in Axes
  3609 | D:4      | Reached skill level 5 in Armour
  3712 | D:4      | Upgraded the game from 0.30-a0-857-gcaf70739d4 to
                  | 0.30-a0-859-gf88a04b62d
  4400 | D:4      | Killed Crazy Yiuf
  4667 | D:5      | Entered Level 5 of the Dungeon
  4925 | D:5      | Reached *** piety under Trog
  5556 | D:6      | Identified the +0 chain mail of Xuhuc {rN+}
  5954 | D:5      | Reached skill level 5 in Dodging
  5954 | D:5      | Reached XP level 8. HP: 70/70 MP: 7/7
  6166 | D:5      | Found a white marble altar of Elyvilon.
  6174 | D:5      | Found an ornate altar of the Wu Jian Council.
  6182 | D:5      | Fell from the grace of Trog
  6182 | D:5      | Became a worshipper of the Wu Jian Council
  6194 | D:5      | Found an opulent altar of Gozag.
  6202 | D:5      | Upgraded the game from 0.30-a0-859-gf88a04b62d to
                  | 0.30-a0-862-g1aabd4f9c5
  8462 | D:6      | Reached skill level 8 in Axes
  8734 | D:6      | Noticed a polar bear
  8734 | D:6      | Noticed a polar bear
  8737 | D:6      | HP: 1/71 [polar bear[the rage of Trog] (22)]
  8737 | D:6      | Slain by a polar bear

Illustrated notes

Levels and vault maps discovered:
D:1:      erik_arrival_triangle_medium, layout_loops_ring, st_stairs_13
D:2:      layout_basic, uniq_jessica
D:3:      layout_basic, serial_shops, shop,
          hellmonk_ecumenical_altar_leap_of_faith
D:4:      layout_gridville, nemelex_xobeh_ov_fountains_minmay, serial_forest,
          infiniplex_forest_lined_room_2, infiniplex_forest_lined_corner,
          infiniplex_forest_lined_corner, infiniplex_forest_lined_room_2,
          infiniplex_forest_straight_1, infiniplex_forest_straight_3,
          uniq_edmund, uniq_sigmund, uniq_crazy_yiuf_cottage
D:5:      layout_basic, grunt_temple_overflow_diamond
D:6:      layout_rooms, kennysheep_generic_room_16

Skill      XL: |  1  2  3  4  5  6  7  8 |
---------------+-------------------------+-----
Axes           | 4 5 6 7 8 |  8.3
Fighting       | 4 5 6 |  6.4
Armour         | 3 4 5 |  5.9
Dodging        | 3 4 5 |  5.3

Action                     |  1- 3 |  4- 6 |  7- 9 || total
---------------------------+-------+-------+-------++-------
  Melee: Hand axe          |    25 |       |       ||    25
         Headbutt          |     5 |    14 |    14 ||    33
         Mace              |    34 |       |       ||    34
         Punch             |     1 |       |       ||     1
         Falchion          |       |    44 |       ||    44
         Dire flail        |       |    34 |    25 ||    59
         Quarterstaff      |       |       |    24 ||    24
         Halberd           |       |       |    37 ||    37
Ability: Lunge             |       |       |     3 ||     3
 Armour: Animal skin       |     6 |       |       ||     6
         Ring mail         |    12 |    23 |       ||    35
         Scale mail        |       |    34 |    35 ||    69
         Chain mail        |       |       |    34 ||    34
  Dodge: Dodged            |    51 |    70 |    45 ||   166

Table legend: (Time is in decaauts)
 A = Elapsed time spent in this place.
 B = Non-inter-level travel time spent in this place.
 C = Inter-level travel time spent in this place.
 D = Time resting spent in this place.
 E = Time spent auto-exploring this place.
 F = Levels seen in this place.
 G = Mean time per level.
                   A        B        C        D        E       F      G
               +--------+--------+--------+--------+--------+-----+--------+
         Total |   8789 |   7332 |   1457 |      0 |   3060 |   6 | 1464.8 |
       Dungeon |   8789 |   7332 |   1457 |      0 |   3060 |   6 | 1464.8 |
               +--------+--------+--------+--------+--------+-----+--------+

Top non-repeatable levels by time:
     D:4: 2553 daAuts
     D:3: 1835 daAuts
     D:5: 1687 daAuts
     D:2: 1321 daAuts
     D:1: 984 daAuts
     D:6: 408 daAuts
